[ AOE2 MATCH · #505230538 ]
UnrankedKhitans vs Saracens
Player's team · LOSS
Rival team · WIN
[ REPLAY ANALYSIS · EXTRACTED FROM THE RECORDED GAME ]
Feudal
8:51
Castle
20:47
Imperial
33:06
| APM avg | 62.2 |
| APM peak | 91 |
| eAPM avg | 33.6 |
| Villagers / military | 189 / 238 |
Focus
⚔️ 41.0% · 🌾 59.0%
Skirmisher ×104 · Camel Scout ×86 · Fire Lancer ×32 · Trebuchet (Packed) ×8 · Steppe Lancer ×5 · Spearman ×3
Feudal
9:20
Castle
19:28
Imperial
31:57
| APM avg | 54.7 |
| APM peak | 94 |
| eAPM avg | 26.9 |
| Villagers / military | 154 / 185 |
Focus
⚔️ 35.6% · 🌾 64.4%
Mameluke ×112 · Scout Cavalry ×44 · Trebuchet (Packed) ×15 · Militia ×5 · Camel Scout ×5 · Monk ×4
Match map
Initial resources + every placement click. Lines = walls · curves = elevation contours. ◆ gold · ⬟ stone · ● berries · ✦ relic · ◌ wall gap
Your base· ✓ Closed at 20:47 · 87t walls · 1 gate(s)
Eray_'s base· Open — opponent sealed themselves in
Smoothed initial terrain · ◌ = detected wall gap · hover for details
Inputs per minute
— PNAL | Miller - - Eray_
Build order — PNAL | Miller
First 150 of 639 actions detected
| 0:01 | Create | Villager (Male) ×4 |
| 0:02 | Build | House |
| 0:03 | Build | House |
| 1:30 | Create | Villager (Male) |
| 1:44 | Build | Lumber Camp |
| 2:03 | Create | Villager (Male) |
| 2:24 | Create | Villager (Male) |
| 2:24 | Create | Villager (Male) |
| 2:42 | Create | Villager (Male) |
| 2:42 | Create | Villager (Male) |
| 3:14 | Create | Villager (Male) |
| 3:33 | Create | Villager (Male) |
| 3:33 | Create | Villager (Male) |
| 3:51 | Build | House |
| 3:52 | Build | House |
| 3:57 | Create | Villager (Male) |
| 3:57 | Create | Villager (Male) |
| 4:31 | Create | Villager (Male) |
| 4:44 | Create | Villager (Male) |
| 4:52 | Build | House |
| 5:01 | Build | House |
| 5:13 | Create | Villager (Male) |
| 5:28 | Build | Mill |
| 5:39 | Create | Villager (Male) |
| 5:47 | Research | Loom |
| 6:39 | Research | Feudal Age |
| 7:11 | Build | Lumber Camp |
| 7:26 | Build | House |
| 7:39 | Create | Villager (Male) |
| 8:03 | Build | Barracks |
| 8:51 | Age | Feudal Age |
| 8:58 | Build | Stable |
| 9:04 | Build | Palisade Wall |
| 9:06 | Create | Villager (Male) |
| 9:08 | Build | Palisade Wall |
| 9:12 | Build | Palisade Wall |
| 9:15 | Build | Palisade Wall |
| 9:16 | Build | Palisade Wall |
| 9:18 | Build | Archery Range |
| 9:18 | Create | Villager (Male) |
| 9:20 | Build | Palisade Wall |
| 9:36 | Create | Villager (Male) |
| 9:39 | Build | Palisade Wall |
| 9:46 | Create | Spearman |
| 9:53 | Build | Palisade Wall |
| 9:59 | Build | Palisade Wall |
| 9:59 | Build | Palisade Wall |
| 10:01 | Build | Palisade Wall |
| 10:04 | Create | Skirmisher |
| 10:10 | Build | Palisade Wall |
| 10:12 | Build | Palisade Wall |
| 10:15 | Build | Palisade Wall |
| 10:17 | Create | Villager (Male) |
| 10:25 | Research | Double-Bit Axe |
| 10:25 | Research | Double-Bit Axe |
| 10:29 | Create | Villager (Male) |
| 10:41 | Build | Palisade Wall |
| 10:44 | Build | House |
| 10:50 | Build | House |
| 11:01 | Build | House |
| 11:04 | Create | Skirmisher |
| 11:08 | Build | Palisade Wall |
| 11:38 | Create | Skirmisher |
| 11:40 | Create | Villager (Male) |
| 11:44 | Build | Pasture |
| 12:00 | Create | Villager (Male) |
| 12:04 | Build | Palisade Wall |
| 12:21 | Create | Skirmisher |
| 12:35 | Build | Pasture |
| 12:39 | Create | Skirmisher |
| 12:54 | Create | Villager (Male) |
| 12:59 | Build | Pasture |
| 13:04 | Create | Skirmisher |
| 13:16 | Create | Skirmisher |
| 13:20 | Create | Spearman |
| 13:27 | Create | Villager (Male) |
| 13:27 | Create | Villager (Male) |
| 13:32 | Build | Pasture |
| 13:41 | Build | Pasture |
| 13:47 | Build | Palisade Wall |
| 13:55 | Create | Villager (Male) |
| 14:00 | Create | Villager (Male) |
| 14:06 | Build | Palisade Wall |
| 14:21 | Create | Villager (Male) |
| 14:25 | Build | Pasture |
| 14:54 | Create | Villager (Male) |
| 14:57 | Research | Tech 1014 |
| 15:10 | Build | Pasture |
| 15:11 | Build | Pasture |
| 15:17 | Create | Villager (Male) |
| 15:23 | Build | House |
| 15:38 | Build | Palisade Wall |
| 15:38 | Build | Palisade Wall |
| 15:39 | Build | Palisade Wall |
| 15:39 | Create | Villager (Male) |
| 15:44 | Build | Palisade Wall |
| 15:51 | Build | Pasture |
| 15:52 | Create | Villager (Male) |
| 16:10 | Build | House |
| 16:14 | Build | Palisade Wall |
| 16:20 | Create | Villager (Male) |
| 16:41 | Create | Villager (Male) |
| 16:43 | Build | Mining Camp |
| 17:10 | Create | Villager (Male) |
| 17:22 | Build | Market |
| 17:36 | Build | Palisade Wall |
| 18:07 | Research | Castle Age |
| 18:07 | Research | Castle Age |
| 18:24 | Research | Gold Mining |
| 18:35 | Build | Palisade Wall |
| 19:00 | Build | Blacksmith |
| 19:08 | Create | Villager (Male) |
| 19:34 | Build | Stable |
| 19:55 | Build | Palisade Wall |
| 20:07 | Build | Lumber Camp |
| 20:17 | Research | Forging |
| 20:21 | Research | Scale Barding Armor |
| 20:21 | Research | Scale Barding Armor |
| 20:35 | Create | Spearman |
| 20:41 | Create | Villager (Male) |
| 20:44 | Build | Palisade Gate |
| 20:47 | Age | Castle Age |
| 20:47 | Create | Villager (Male) |
| 20:49 | Create | Camel Scout |
| 20:49 | Create | Camel Scout |
| 20:53 | Research | Bow Saw |
| 20:53 | Research | Bow Saw |
| 21:04 | Create | Villager (Male) |
| 21:07 | Create | Villager (Male) |
| 21:09 | Research | Forging |
| 21:09 | Research | Forging |
| 21:13 | Research | Chain Barding Armor |
| 21:13 | Research | Chain Barding Armor |
| 21:19 | Create | Fire Lancer |
| 21:19 | Create | Fire Lancer |
| 21:19 | Create | Fire Lancer |
| 21:20 | Create | Villager (Male) |
| 21:32 | Build | House |
| 21:34 | Create | Villager (Male) |
| 21:35 | Create | Fire Lancer |
| 21:52 | Create | Villager (Male) |
| 22:03 | Build | Town Center |
| 22:18 | Research | Forging |
| 22:18 | Research | Forging |
| 22:19 | Create | Villager (Male) |
| 22:28 | Create | Steppe Lancer |
| 22:32 | Research | Husbandry |
| 22:32 | Research | Husbandry |
| 22:37 | Build | Pasture |
| 22:39 | Create | Villager (Male) |
Build order — Eray_
First 150 of 517 actions detected
| 0:00 | Create | Villager (Male) |
| 0:01 | Create | Villager (Male) |
| 0:01 | Create | Villager (Male) |
| 0:02 | Build | House |
| 0:02 | Build | House |
| 0:09 | Create | Villager (Male) |
| 0:09 | Create | Villager (Male) |
| 1:24 | Create | Villager (Male) |
| 1:25 | Create | Villager (Male) |
| 1:25 | Create | Villager (Male) |
| 1:57 | Build | Lumber Camp |
| 1:59 | Create | Villager (Male) |
| 2:00 | Create | Villager (Male) |
| 2:15 | Create | Villager (Male) |
| 2:45 | Create | Villager (Male) |
| 3:03 | Create | Villager (Male) |
| 3:41 | Create | Villager (Male) |
| 3:41 | Create | Villager (Male) |
| 3:42 | Create | Villager (Male) |
| 3:55 | Build | House |
| 4:06 | Create | Villager (Male) |
| 4:06 | Create | Villager (Male) |
| 4:17 | Build | House |
| 4:28 | Create | Villager (Male) |
| 4:29 | Create | Villager (Male) |
| 5:20 | Create | Villager (Male) |
| 5:34 | Create | Villager (Male) |
| 5:35 | Create | Villager (Male) |
| 5:35 | Create | Villager (Male) |
| 5:35 | Create | Villager (Male) |
| 5:35 | Create | Villager (Male) |
| 6:10 | Create | Villager (Male) |
| 6:12 | Build | Barracks |
| 6:35 | Research | Loom |
| 6:35 | Research | Loom |
| 6:36 | Research | Loom |
| 6:55 | Build | Mining Camp |
| 7:07 | Create | Villager (Male) |
| 7:10 | Research | Feudal Age |
| 7:10 | Research | Feudal Age |
| 7:26 | Create | Militia |
| 7:26 | Create | Militia |
| 7:26 | Create | Militia |
| 7:26 | Create | Militia |
| 7:59 | Create | Militia |
| 8:06 | Build | House |
| 8:40 | Build | Mill |
| 8:48 | Build | Palisade Wall |
| 8:51 | Build | Palisade Wall |
| 9:20 | Age | Feudal Age |
| 9:22 | Research | Man-at-Arms (upgrade) |
| 9:23 | Research | Man-at-Arms (upgrade) |
| 9:23 | Create | Villager (Male) |
| 9:39 | Build | Farm |
| 9:44 | Create | Villager (Male) |
| 9:45 | Build | Farm |
| 9:51 | Build | Farm |
| 10:01 | Create | Villager (Male) |
| 10:02 | Create | Villager (Male) |
| 10:10 | Build | Palisade Wall |
| 10:13 | Build | Palisade Wall |
| 10:20 | Build | Farm |
| 10:22 | Build | Farm |
| 10:35 | Create | Villager (Male) |
| 10:43 | Build | Palisade Wall |
| 10:46 | Build | Palisade Wall |
| 11:04 | Build | Palisade Wall |
| 11:06 | Create | Villager (Male) |
| 11:17 | Build | Palisade Wall |
| 11:26 | Build | Palisade Wall |
| 11:34 | Create | Villager (Male) |
| 11:49 | Build | Farm |
| 11:58 | Create | Villager (Male) |
| 12:29 | Create | Villager (Male) |
| 12:33 | Build | Farm |
| 12:37 | Build | House |
| 12:54 | Create | Villager (Male) |
| 12:55 | Build | Farm |
| 12:57 | Build | Farm |
| 12:58 | Build | Farm |
| 12:58 | Build | Farm |
| 13:06 | Build | Farm |
| 13:10 | Build | House |
| 13:15 | Research | Double-Bit Axe |
| 13:15 | Research | Double-Bit Axe |
| 13:15 | Research | Double-Bit Axe |
| 13:17 | Create | Villager (Male) |
| 13:37 | Create | Villager (Male) |
| 13:38 | Build | House |
| 13:41 | Build | Palisade Wall |
| 14:03 | Build | Market |
| 14:15 | Create | Villager (Male) |
| 14:54 | Create | Villager (Male) |
| 14:58 | Build | Stable |
| 15:07 | Build | Farm |
| 15:10 | Build | Farm |
| 15:17 | Build | Palisade Wall |
| 15:23 | Build | Palisade Wall |
| 15:24 | Build | Palisade Wall |
| 15:27 | Build | Blacksmith |
| 15:33 | Create | Villager (Male) |
| 15:39 | Build | House |
| 15:43 | Build | Palisade Wall |
| 15:46 | Create | Villager (Male) |
| 15:47 | Build | Farm |
| 16:06 | Build | Farm |
| 16:16 | Build | Farm |
| 16:16 | Create | Villager (Male) |
| 16:26 | Build | Farm |
| 16:48 | Research | Castle Age |
| 16:48 | Research | Castle Age |
| 17:05 | Build | House |
| 17:15 | Research | Horse Collar |
| 17:15 | Research | Horse Collar |
| 17:15 | Research | Horse Collar |
| 18:02 | Research | Gold Mining |
| 18:03 | Research | Gold Mining |
| 18:03 | Research | Gold Mining |
| 18:18 | Build | House |
| 18:55 | Build | Palisade Gate |
| 19:10 | Build | House |
| 19:14 | Create | Villager (Male) |
| 19:28 | Age | Castle Age |
| 19:38 | Build | Town Center |
| 19:39 | Create | Villager (Male) |
| 19:42 | Create | Camel Scout |
| 19:42 | Create | Camel Scout |
| 19:59 | Create | Villager (Male) |
| 20:06 | Create | Villager (Male) |
| 20:13 | Build | Town Center |
| 20:23 | Create | Villager (Male) |
| 20:27 | Create | Villager (Male) |
| 20:27 | Create | Villager (Male) |
| 20:41 | Build | House |
| 20:55 | Create | Villager (Male) |
| 21:03 | Research | Bow Saw |
| 21:03 | Research | Bow Saw |
| 21:03 | Research | Bow Saw |
| 21:14 | Create | Villager (Male) |
| 21:19 | Create | Villager (Male) |
| 21:19 | Create | Villager (Male) |
| 21:32 | Create | Villager (Male) |
| 21:40 | Build | Monastery |
| 21:46 | Create | Villager (Male) |
| 21:53 | Create | Camel Scout |
| 22:00 | Create | Villager (Male) |
| 22:03 | Build | Farm |
| 22:05 | Build | Farm |
| 22:10 | Create | Villager (Male) |
| 22:14 | Create | Villager (Male) |
Match timeline
| 6:12 | Eray_ · first_building Barracks |
| 8:03 | PNAL | Miller · first_building Barracks |
| 8:48 | Eray_ · wall_segment Palisade Wall x4 |
| 8:51 | PNAL | Miller · age_up feudal |
| 8:51 | Eray_ · wall_segment Palisade Wall x11 |
| 8:58 | PNAL | Miller · first_building Stable |
| 9:04 | PNAL | Miller · wall_segment Palisade Wall x1 |
| 9:08 | PNAL | Miller · wall_segment Palisade Wall x1 |
| 9:12 | PNAL | Miller · wall_segment Palisade Wall x1 |
| 9:15 | PNAL | Miller · wall_segment Palisade Wall x1 |
| 9:16 | PNAL | Miller · wall_segment Palisade Wall x1 |
| 9:18 | PNAL | Miller · first_building Archery Range |
| 9:20 | Eray_ · age_up feudal |
| 9:20 | PNAL | Miller · wall_segment Palisade Wall x1 |
| 9:39 | PNAL | Miller · wall_segment Palisade Wall x2 |
| 9:53 | PNAL | Miller · wall_segment Palisade Wall x1 |
| 9:59 | PNAL | Miller · wall_segment Palisade Wall x1 |
| 9:59 | PNAL | Miller · wall_segment Palisade Wall x1 |
| 10:01 | PNAL | Miller · wall_segment Palisade Wall x3 |
| 10:10 | PNAL | Miller · wall_segment Palisade Wall x1 |
| 10:10 | Eray_ · wall_segment Palisade Wall x3 |
| 10:12 | PNAL | Miller · wall_segment Palisade Wall x1 |
| 10:13 | Eray_ · wall_segment Palisade Wall x4 |
| 10:15 | PNAL | Miller · wall_segment Palisade Wall x1 |
| 10:41 | PNAL | Miller · wall_segment Palisade Wall x1 |
| 10:43 | Eray_ · wall_segment Palisade Wall x10 |
| 10:46 | Eray_ · wall_segment Palisade Wall x8 |
| 11:04 | Eray_ · wall_segment Palisade Wall x10 |
| 11:08 | PNAL | Miller · wall_segment Palisade Wall x2 |
| 11:17 | Eray_ · wall_segment Palisade Wall x8 |
| 11:26 | Eray_ · wall_segment Palisade Wall x1 |
| 12:04 | PNAL | Miller · wall_segment Palisade Wall x7 |
| 13:41 | Eray_ · wall_segment Palisade Wall x1 |
| 13:47 | PNAL | Miller · wall_segment Palisade Wall x1 |
| 14:06 | PNAL | Miller · wall_segment Palisade Wall x6 |
| 14:58 | Eray_ · first_building Stable |
| 15:17 | Eray_ · wall_segment Palisade Wall x1 |
| 15:23 | Eray_ · wall_segment Palisade Wall x1 |
| 15:24 | Eray_ · wall_segment Palisade Wall x1 |
| 15:38 | PNAL | Miller · wall_segment Palisade Wall x8 |
| 15:38 | PNAL | Miller · wall_segment Palisade Wall x4 |
| 15:39 | PNAL | Miller · wall_segment Palisade Wall x1 |
| 15:43 | Eray_ · wall_segment Palisade Wall x1 |
| 15:44 | PNAL | Miller · wall_segment Palisade Wall x9 |
| 16:14 | PNAL | Miller · wall_segment Palisade Wall x9 |
| 16:19 | Eray_ · first_market_buy 100 food |
| 17:36 | PNAL | Miller · wall_segment Palisade Wall x13 |
| 18:03 | PNAL | Miller · first_market_sell 100 food |
| 18:35 | PNAL | Miller · wall_segment Palisade Wall x9 |
| 19:28 | Eray_ · age_up castle |
| 19:55 | PNAL | Miller · wall_segment Palisade Wall x1 |
| 20:47 | PNAL | Miller · age_up castle |
| 21:40 | Eray_ · first_building Monastery |
| 23:14 | PNAL | Miller · first_market_buy 100 wood |
| 23:15 | Eray_ · wall_segment Stone Wall x1 |
| 23:19 | Eray_ · wall_segment Stone Wall x1 |
| 25:42 | Eray_ · first_building Castle |
| 28:01 | PNAL | Miller · first_building Monastery |
| 29:01 | Eray_ · wall_segment Stone Wall x7 |
| 30:23 | Eray_ · wall_segment Palisade Wall x1 |
| 30:58 | PNAL | Miller · first_building Castle |
| 31:57 | Eray_ · age_up imperial |
| 32:15 | Eray_ · first_market_sell 100 stone |
| 33:06 | PNAL | Miller · age_up imperial |
| 45:41 | Eray_ · first_building Siege Workshop |
| 48:18 | PNAL | Miller · wall_segment Stone Wall x1 |
| 50:27 | PNAL | Miller · resign |
[ AI ANALYSIS · 1 CREDIT ]
What really happened in this match?
Wolo.gg analyzes every decision: build order, eco, micro, common mistakes by bracket. Personalized analysis on WhatsApp or Discord in 30 seconds.
Civ guide
Khitans
Perfil
Jugador #4198666